Map: Orbital Shipyard

Players

Ghostface

  • Race: Zerg Zerg
  • League: Gold

Grumm - Winner!

  • Race: Zerg Zerg
  • League: Gold

VOD

Have the link to the VOD?

Description

Time

  • Played on: Feb. 9, 2016, 6:58 p.m.
  • Length: 24:19
Show
View Real Time Build Order
Export as new Build Order

Ghostface Zerg 

Build Orders: Pool First 

Get SALT Encoding   

  12  0:11  Drone x2  
  14  0:31  Spawning Pool  
  14  0:33  Extractor x2  
  14  0:34  Drone  
  12  0:39  Drone  
  14  1:05  Hatchery  
  13  1:12  Overlord  
  13  1:18  Zergling x2  
  14  1:27  Extractor  
  14  1:28  Drone  
  14  1:32  Zergling x2  
  16  1:43  Queen  
  18  1:48  Drone  
  19  1:59  Zergling x4  
  21  2:07  Overlord  
  20  2:18  Spine Crawler  
  19  2:28  Queen  
  21  2:41  Metabolic Boost  
  21  2:44  Drone  
  21  2:47  Drone  
  23  2:52  Drone  
  24  3:08  Queen  
  26  3:14  Drone x2  
  28  3:28  Roach Warren  
  28  3:33  Drone x2  
  29  3:40  Spine Crawler  
  28  3:52  Drone  
  28  3:53  Drone x3  
  32  3:58  Extractor  
  30  4:04  Zergling x6  
  31  4:27  Roach x2  
  31  4:30  Overlord x2  
  35  4:46  Overlord  
  35  4:50  Roach x2  
  35  4:51  Roach  
  39  5:08  Drone  
  40  5:23  Hatchery  
  39  5:29  Drone x3  
  39  5:30  Drone x3  
  39  5:33  Roach x2  
  49  5:51  Spine Crawler  
  49  5:52  Drone  
  49  5:53  Drone x3  
  49  5:54  Overlord  
  52  5:59  Lair  
  52  6:11  Evolution Chamber  
  51  6:24  Roach x4  
  51  6:25  Overlord x2  
  59  6:35  Drone  
  59  6:36  Drone x3  
  59  6:37  Extractor  
  59  6:39  Extractor  
  61  7:00  Drone  
  61  7:01  Drone x8  
  70  7:20  Hydralisk Den  
  69  7:24  Overseer  
  69  7:35  Spore Crawler  
  68  7:38  Drone  
  68  7:39  Drone x10  
  68  7:40  Drone x3  
  82  7:45  Zerg Ground Armor Level 1  
  82  7:47  Drone x3  
  85  8:01  Hydralisk x2  
  85  8:05  Overlord x4  
  89  8:15  Overlord  
  89  8:16  Overlord x3  
  89  8:21  Overseer  
  89  8:33  Glial Reconstitution  
  89  8:41  Evolution Chamber  
  88  8:46  Extractor  
  87  8:49  Extractor  
  87  8:50  Hydralisk  
  87  8:51  Hydralisk x4  
  87  8:52  Spine Crawler  
  87  8:53  Roach x2  
  87  8:54  Roach x5  
  109  8:58  Zergling x6  
  109  9:02  Baneling Nest  
  111  9:17  Ravager x2  
  111  9:18  Ravager x6  
  119  9:41  Spine Crawler  
  119  9:45  Drone x4  
  119  9:46  Drone x12  
  119  9:47  Drone  
  119  9:49  Queen x2  
  138  10:17  Hatchery  
  138  10:19  Baneling x3  
  138  10:20  Baneling x5  
  137  10:23  Roach x5  
  137  10:24  Zergling x4  
  137  10:25  Zergling x4  
  151  10:36  Centrifical Hooks  
  151  10:41  Ravager x2  
  153  10:44  Overlord x3  
  153  10:45  Overlord  
  153  10:48  Baneling x3  
  153  10:49  Baneling x6  
  153  10:52  Overseer  
  153  11:00  Overlord x2  
  153  11:01  Overlord  
  153  11:33  Spine Crawler  
  153  11:34  Roach x2  
  153  11:35  Roach x12  
  153  11:36  Roach x4  
  188  11:43  Spine Crawler  
  187  12:01  Infestation Pit  
  186  12:11  Ravager  
  186  12:12  Ravager x4  
  191  12:16  Zergling x4  
  191  12:17  Zergling x12  
  199  12:24  Spine Crawler  
  198  12:31  Spine Crawler  
  197  12:37  Baneling x4  
  197  12:44  Baneling x4  
  197  12:45  Baneling x6  
  197  12:55  Spine Crawler  
  185  13:21  Drone x3  
  185  13:22  Drone x11  
  185  13:23  Drone x2  
  156  13:46  Hatchery  
  156  13:47  Hatchery  
  154  13:52  Roach  
  154  13:53  Roach x8  
  154  13:54  Roach  
  158  14:18  Hydralisk x5  
  158  14:19  Hydralisk x2  
  170  15:05  Spine Crawler  
  169  15:09  Extractor  
  169  15:10  Extractor  
  167  15:15  Hydralisk  
  167  15:16  Hydralisk x4  
  167  15:17  Zergling x2  
  167  15:18  Zergling x16  
  167  15:19  Zergling x2  
  187  15:25  Spine Crawler  
  187  15:26  Spine Crawler  
  187  15:27  Spine Crawler  
  184  15:30  Spine Crawler  
  184  15:31  Spine Crawler  
  184  15:32  Spine Crawler  
  181  15:39  Spine Crawler  
  181  15:40  Baneling x3  
  181  15:41  Baneling x7  
  180  15:50  Drone x4  
  180  15:51  Drone x2  
  186  16:19  Baneling  
  186  16:20  Baneling x6  
  186  16:23  Roach x4  
  186  16:24  Roach  
  186  16:25  Ravager x4  
  200  16:47  Spine Crawler  
  200  16:48  Hatchery  
  200  16:49  Spine Crawler x2  
  200  16:51  Spine Crawler  
  200  16:53  Spine Crawler  
  194  16:54  Spine Crawler  
  190  17:17  Hatchery  
  189  17:50  Hatchery  
  153  18:16  Hydralisk  
  153  18:17  Hydralisk x9  
  153  18:18  Hydralisk x12  
  153  18:19  Hydralisk x2  
  199  18:51  Ravager  
  200  19:07  Zerg Ground Armor Level 2  
  200  19:09  Zerg Missile Weapons Level 1  
  200  19:13  Hive  
  200  19:16  Spine Crawler  
  199  19:18  Spine Crawler  
  198  19:28  Spore Crawler  
  198  19:30  Spine Crawler  
  196  19:37  Drone x4, Spine Crawler  
  199  19:40  Spine Crawler  
  199  19:44  Spine Crawler  
  161  20:41  Hydralisk x4  
  161  20:42  Hydralisk x11  
  147  20:43  Hydralisk x11  
  128  20:50  Roach  
  128  20:51  Roach x11  
  128  20:52  Roach x12  
  153  20:58  Spine Crawler x2  
  153  21:01  Drone  
  79  21:35  Roach  
  79  21:36  Roach x6  
  93  21:42  Drone  
  93  21:43  Drone  
  95  21:59  Extractor  
  95  22:00  Extractor  
  93  22:03  Ravager x3  
  96  22:36  Zergling x2  
  96  22:37  Zergling x12  
  101  22:42  Drone x2  
  105  22:55  Ravager  
  106  23:07  Extractor  
  106  23:08  Baneling  
  106  23:09  Baneling x8  
  106  23:10  Baneling x5  
  106  23:12  Drone x3  
  108  23:26  Ultralisk Cavern  
  107  23:35  Drone x3  
Show
View Real Time Build Order
Export as new Build Order

Grumm Zerg - Winner!

Build Orders: Pool First, Lurkers 

Get SALT Encoding   

  12  0:01  Drone  
  13  0:15  Drone  
  14  0:28  Spawning Pool  
  13  0:30  Drone  
  14  0:57  Hatchery  
  14  1:01  Overlord  
  13  1:09  Drone  
  14  1:21  Zergling x4  
  16  1:28  Drone  
  17  1:46  Hatchery  
  16  1:47  Drone  
  16  1:49  Drone  
  17  2:14  Drone x3  
  20  2:19  Extractor  
  20  2:20  Drone x2  
  21  2:28  Queen  
  23  2:32  Spine Crawler  
  21  2:43  Zergling x6  
  21  2:44  Zergling x2  
  25  2:58  Queen  
  25  3:00  Zergling x6  
  30  3:08  Extractor  
  30  3:12  Queen  
  31  3:18  Queen  
  33  3:34  Drone  
  34  3:35  Overlord  
  34  3:36  Overlord  
  34  3:52  Spine Crawler  
  28  4:23  Zergling x2  
  28  4:24  Zergling x16  
  35  4:35  Overlord  
  35  4:50  Drone  
  35  4:51  Drone x3  
  39  5:17  Evolution Chamber  
  38  5:26  Drone  
  38  5:27  Drone  
  38  5:28  Roach Warren  
  39  5:32  Evolution Chamber  
  38  5:43  Lair  
  38  5:45  Metabolic Boost  
  38  6:13  Zerg Ground Armor Level 1, Zerg Missile Weapons Level 1  
  38  6:17  Drone x3  
  38  6:18  Drone x2  
  43  6:35  Overlord  
  43  6:37  Roach  
  43  6:38  Roach  
  47  6:51  Drone, Extractor  
  47  6:52  Drone x4, Extractor  
  50  7:09  Hydralisk Den  
  49  7:21  Drone  
  49  7:22  Drone x8  
  58  7:31  Overlord  
  58  7:32  Overlord  
  58  7:35  Spore Crawler  
  57  7:44  Glial Reconstitution  
  57  7:50  Hydralisk, Extractor  
  58  8:15  Hydralisk  
  58  8:16  Hydralisk x5  
  70  8:20  Overlord  
  70  8:27  Pneumatized Carapace  
  70  8:29  Burrow  
  70  8:37  Overlord x2  
  70  8:43  Lurker Den  
  70  8:56  Hydralisk  
  70  8:57  Hydralisk x2  
  76  9:05  Drone x2  
  76  9:06  Drone x2  
  80  9:14  Hydralisk  
  82  9:17  Drone x3  
  85  9:28  Drone  
  85  9:29  Drone x4  
  89  10:07  Overlord x2  
  89  10:08  Hydralisk  
  89  10:09  Hydralisk x3  
  89  10:12  Lurker  
  98  10:15  Zerg Missile Weapons Level 2  
  98  10:16  Zerg Ground Armor Level 2  
  98  10:19  Muscular Augments  
  98  10:20  Hatchery  
  97  10:43  Roach  
  97  10:44  Roach x7  
  97  10:45  Overlord x3  
  113  11:09  Roach x2  
  113  11:10  Drone  
  113  11:11  Drone x7  
  125  11:21  Overseer  
  125  11:22  Overseer  
  125  11:44  Drone x11  
  136  11:54  Infestation Pit  
  135  11:55  Overlord  
  135  11:56  Extractor  
  135  11:57  Overlord  
  134  12:08  Tunneling Claws  
  134  12:32  Zerg Melee Weapons Level 1  
  134  12:35  Lurker x3  
  134  12:36  Lurker  
  134  13:34  Zergling x2  
  134  13:35  Zergling x4  
  134  13:36  Zergling x10  
  134  13:39  Hydralisk x6  
  134  13:40  Hydralisk x14  
  144  13:51  Spine Crawler x2  
  144  13:52  Zergling x10  
  144  13:53  Zergling x6  
  139  14:15  Roach x5  
  139  14:16  Roach x7  
  156  14:28  Overlord x2  
  137  15:03  Overlord  
  137  15:10  Hive  
  137  15:12  Roach x10  
  137  15:13  Roach x6  
  169  15:15  Overlord x3  
  169  15:21  Lurker x2  
  171  16:18  Overlord x2  
  171  16:24  Hatchery  
  170  16:38  Ultralisk Cavern  
  169  16:50  Hatchery  
  162  17:32  Hydralisk  
  162  17:33  Hydralisk x12  
  155  18:20  Ultralisk x2  
  155  18:22  Zergling x14  
  168  18:28  Drone  
  169  18:41  Hatchery  
  168  18:48  Chitinous Plating  
  168  18:51  Ultralisk  
  174  19:03  Extractor  
  174  19:04  Extractor  
  172  19:16  Ultralisk  
  178  19:26  Drone x3  
  181  19:40  Ultralisk x2  
  181  19:44  Zergling x12  
  181  19:45  Zergling x2  
  193  19:56  Extractor  
  193  19:57  Extractor  
  181  20:24  Spine Crawler  
  147  20:48  Zergling x2  
  147  20:49  Zergling x34  
  76  21:42  Ultralisk  
  76  21:43  Ultralisk x4  
  106  21:49  Ultralisk  
  112  22:12  Spine Crawler  
  112  22:13  Drone x3  
  114  22:16  Ultralisk  
  114  22:17  Ultralisk  
  126  22:34  Spore Crawler  
  125  22:40  Roach x10  
  125  22:41  Roach x4  
  125  22:42  Roach  
  155  23:02  Roach  
  155  23:03  Roach x7  
Tags
 
Add a new tag
Caveats
  • Supply blocks, unpowered buildings, or Contaminate may cause inaccurate times.
  • Supply counts are checked every 10 seconds.